AoeStats
← s9971031

Arena

510740805Analyzed
4v4 RM · 1d ago on Oct 2, 2026· 41m 16s· 8 players
Game mode
Random Map
Map size
Large (8 player)
Population
200
Speed
Normal
Resources
Standard
Victory
Conquest
Starting age
Dark Age
Ending age
Imperial Age
RankedLock teamsTeams togetherTeam positionsShared explorationLock speedFull tech treeHidden civsTurbo modeCheats
Victory
Defeat
🇹🇼 Tupi · Taiwan
965
+13
🇰🇷 Poles · South Korea
960
+13
🇨🇱 Huns · Chile
927
+14
🇩🇪 Malay · Germany
891
+17
🇫🇷 Japanese · France
911
-15
🇨🇳 Franks · China
904
-32
🇭🇰 Persians · Hong Kong SAR China
892
-14
🇨🇳 Portuguese · China
868
-13
旺旺
10:42 Feudal Age
11:35 Double-Bit Axe
18:09 Castle Age
16:20 Stone Mining
16:52 Horse Collar
17:40 Gold Mining
18:54 Heavy Plow
19:14 Bow Saw
26:42 Imperial Age
27:03 Gold Shaft Mining
26:22 Arson
26:37 Squires
25:58 Pikeman
27:47 Wheelbarrow
28:13 Crop Rotation
29:50 Hand Cart
30:44 Two-Man Saw
30:02 Hand Cart
32:02 Forging
31:53 Scale Mail Armor
33:08 Scale Barding Armor
33:39 Iron Casting
33:10 Husbandry
34:17 Bloodlines
33:38 Halberdier
34:39 Chain Mail Armor
34:45 Chain Barding Armor
36:12 Blast Furnace
35:51 Cavalier
36:35 Elite War Elephant
37:39 Conscription
38:21 Plate Barding Armor
38:19 Plate Mail Armor
F-I-R-O
3:13 Loom
12:08 Feudal Age
17:05 Castle Age
16:22 Double-Bit Axe
16:20 Horse Collar
18:26 Bow Saw
30:30 Caravan
30:11 Crossbowman
31:44 Scale Mail Armor
31:54 Forging
31:47 Padded Archer Armor
31:38 Fletching
31:11 Pikeman
31:51 Squires
31:37 Arson
31:39 Gambesons
31:44 Arson
32:47 Wheelbarrow
32:23 Heavy Plow
34:50 Chain Mail Armor
35:11 Iron Casting
34:31 Bodkin Arrow
34:52 Leather Archer Armor
35:39 Hand Cart
35:09 Town Watch
37:20 Thumb Ring
40:45 Imperial Age
梦寐一秋.
10:12 Feudal Age
15:58 Castle Age
14:52 Double-Bit Axe
21:07 Loom
23:32 Bow Saw
26:04 Horse Collar
27:26 Heavy Plow
28:25 Gold Mining
28:26 Stone Mining
29:02 Pikeman
29:28 Arson
30:56 Stone Shaft Mining
34:39 Imperial Age
34:50 Imperial Age
33:05 Ballistics
33:12 Masonry
33:01 Murder Holes
33:25 Fortified Wall
33:08 Guard Tower
33:59 Thumb Ring
34:55 Halberdier
37:11 Chemistry
38:23 Bombard Tower
Hiton
10:13 Feudal Age
14:11 Loom
14:49 Double-Bit Axe
20:28 Castle Age
19:36 Gold Mining
21:33 Scale Barding Armor
21:39 Forging
24:40 Chain Barding Armor
25:49 Gold Shaft Mining
27:17 Husbandry
27:33 Town Watch
28:24 Wheelbarrow
29:47 Hand Cart
29:33 Town Patrol
30:14 Bow Saw
31:15 Pikeman
32:35 Iron Casting
32:17 Caravan
35:35 Imperial Age
35:00 Scale Mail Armor
34:52 Fletching
36:04 Halberdier
36:30 Gambesons
36:45 Squires
37:49 Blast Furnace
37:52 Conscription
38:52 Cavalier
39:43 Siege Engineers
40:20 Chain Mail Armor
40:41 Plate Barding Armor
s9971031
15:15 Feudal Age
13:32 Loom
15:38 Champi Runner
16:06 Arson
20:54 Castle Age
19:41 Double-Bit Axe
19:48 Gold Mining
19:43 Horse Collar
20:50 Forging
20:42 Scale Mail Armor
20:37 Gold Mining
23:57 Heavy Plow
23:48 Champi Warrior
26:04 Bow Saw
26:43 Squires
27:21 Iron Casting
28:03 Gold Shaft Mining
28:35 Wheelbarrow
31:05 Hand Cart
30:36 Town Watch
34:22 Chain Mail Armor
40:39 Imperial Age
38:15 Town Patrol
38:00 Pikeman
40:42 Elite Champi Warrior
40:51 Elite Champi Warrior
42:04 Plate Mail Armor
42:36 Two-Man Saw
Aaron28358
11:13 Feudal Age
15:57 Castle Age
13:56 Double-Bit Axe
14:11 Horse Collar
15:11 Loom
17:13 Bow Saw
18:09 Heavy Plow
22:05 Wheelbarrow
22:39 Gold Mining
24:37 Hand Cart
25:02 Town Watch
25:28 Szlachta Privileges
25:56 Treadmill Crane
26:12 Murder Holes
26:39 Ballistics
26:28 Scale Barding Armor
26:34 Forging
26:56 Bloodlines
26:47 Husbandry
27:13 Light Cavalry
29:18 Chain Barding Armor
29:34 Iron Casting
28:51 Fletching
30:28 Stone Mining
31:03 Scale Mail Armor
31:06 Squires
32:08 Stone Shaft Mining
34:44 Imperial Age
33:54 Chain Mail Armor
33:35 Bodkin Arrow
34:30 Town Patrol
34:11 Pikeman
36:37 Blast Furnace
36:04 Conscription
36:33 Plate Mail Armor
36:04 Bracer
36:40 Crop Rotation
37:04 Elite Obuch
38:19 Hoardings
38:55 Chemistry
37:34 Cavalier
38:01 Elite Skirmisher
40:10 Lechitic Legacy
40:27 Winged Hussar
Don Wea
10:02 Feudal Age
9:18 Loom
14:20 Castle Age
13:30 Double-Bit Axe
20:35 Fervor
21:28 Bow Saw
22:08 Gold Mining
22:04 Horse Collar
23:34 Gold Shaft Mining
27:10 Imperial Age
25:20 Wheelbarrow
25:31 Scale Barding Armor
25:37 Forging
26:18 Hand Cart
26:44 Chain Barding Armor
26:44 Heavy Plow
27:50 Iron Casting
28:45 Plate Barding Armor
30:43 Blast Furnace
30:55 Two-Man Saw
30:12 Marauders
29:33 Elite Tarkan
30:33 Conscription
31:21 Husbandry
31:32 Bloodlines
nosound
0:38 Loom
11:19 Feudal Age
11:20 Double-Bit Axe
11:54 Horse Collar
12:01 Town Watch
13:19 Gold Mining
13:59 Stone Mining
18:45 Wheelbarrow
22:33 Castle Age
21:37 Forging
22:03 Scale Barding Armor
22:25 Heavy Plow
22:38 Bow Saw
25:35 Gold Shaft Mining
28:17 Hand Cart
28:47 Town Patrol
31:16 Iron Casting
34:25 Stone Shaft Mining
33:55 Caravan
35:50 Coinage
39:03 Imperial Age
37:48 Elite Battle Elephant
39:38 Blast Furnace
39:11 Banking
38:52 Guilds
39:30 Crop Rotation
38:29 Onager
39:40 Guilds
39:53 Heated Shot
39:44 Treadmill Crane
40:36 Elite Skirmisher
Connection lost

Rejoining the realm…

Still unreachable

The connection could not be restored.

Session expired

The server has moved on; the page needs a fresh start.